 Dungeon Crawl Stone Soup version 0.29.1-13-g9f3cf754e1 (webtiles) character file.

Game seed: 7011925922576074327

2 protoss039 the Digger (level 1, 0/13 HPs)
             Began as a Demonspawn Earth Elementalist on Feb 8, 2023.
             Slain by a jackal (1 damage)
             ... on level 1 of the Dungeon.
             The game lasted 00:00:41 (96 turns).

protoss039 the Digger (Demonspawn Earth Elementalist) Turns: 96, Time: 00:00:42

Health: 0/13       AC:  2    Str:  8    XL:     1   Next: 33%
Magic:  0/3        EV: 12    Int: 16    God:
Gold:   14         SH:  0    Dex: 13    Spells: 3/4 levels left

rFire   . . .      SeeInvis .   (no weapon)
rCold   . . .      Faith    .   (no shield)
rNeg    . . .      Spirit   .   a - +0 robe
rPois   .          Reflect  .   (no helmet)
rElec   .          Harm     .   (no cloak)
rCorr   .          Rampage  .   (no gloves)
Will    .....                   (no boots)
Stlth   ++........              (no amulet)
HPRegen 0.04/turn               (no ring)
MPRegen 0.08/turn               (no ring)

@: no status effects
A: no striking features
a: no special abilities


You were on level 1 of the Dungeon.
You visited 1 branch of the dungeon, and saw 1 of its levels.

You collected 14 gold pieces.

Inventory:

Armour
 a - a +0 robe (worn)
Potions
 b - a potion of magic


   Skills:
 + Level 0.2 Fighting
 - Level 1.7 Dodging
 - Level 1.7 Stealth
 + Level 2.0 Spellcasting
 - Level 0.8 Transmutations
 + Level 2.7 Earth Magic


You had 3 spell levels left.
You knew the following spells:

 Your Spells              Type           Power      Damage    Failure   Level
a - Sandblast             Erth           20%        2d7       7%          1

Your spell library contained the following spells:

 Spells                   Type           Power      Damage    Failure   Level
 Passwall                 Tmut/Erth      5%         N/A       16%         2
 Stone Arrow              Conj/Erth      12%        3d7       34%         3
 Petrify                  Tmut/Erth      7%         N/A       69%         4


Dungeon Overview and Level Annotations

Branches:
Dungeon (1/15) Zot: 5901

Altars:


Message History

Aim: a jackal (77% to hit)
The blast of sand hits the jackal.
You kill the jackal!
The jackal bites you.
Unknown command.
Unknown command.
Casting: Sandblast (safe; 7% risk of failure)
Confirm with . or Enter, or press ? or * to list all spells.
Aiming: Sandblast (safe; 7% risk of failure)
Press: ? - help, Shift-Dir - straight line, f - jackal
Aim: a jackal (77% to hit)
The blast of sand misses the jackal.
The blast of sand hits the jackal.
The jackal is severely wounded.
The jackal misses you. The jackal bites you.
Unknown command.
The jackal attacks as you move away! The jackal bites you.
Casting: Sandblast (safe; 7% risk of failure)
Confirm with . or Enter, or press ? or * to list all spells.
You don't have enough magic to cast this spell.
The jackal attacks as you move away! The jackal barely misses you.
The jackal barely misses you. The jackal attacks as you move away!
The jackal closely misses you.
There is an open door here.
Casting: Sandblast (safe; 7% risk of failure)
Confirm with . or Enter, or press ? or * to list all spells.
Aiming: Sandblast (safe; 7% risk of failure)
Press: ? - help, Shift-Dir - straight line, f - jackal, p - jackal
Aim: a jackal (severely wounded, 77% to hit)
The blast of sand hits the jackal.
The jackal is almost dead.
The jackal closely misses you. The jackal bites you. The jackal misses you.
The jackal bites you.
* * * LOW HITPOINT WARNING * * *
The jackal attacks as you move away! The jackal completely misses you.
The jackal attacks as you move away! The jackal bites you.
* * * LOW HITPOINT WARNING * * *
Unknown command.
Unknown command.
The jackal bites you.
You die...

###....###'####...#
#+#####...### #+#
##.###.......###.##
#...#.........#.(.#
#...'....<....'...#
#...#.........#...#
##.###.......###h.#
#.#####...#####h##
#..#####+#####@.#
##.............##
###############


You could see 2 jackals.

Vanquished Creatures
  2 jackals (D:1)
2 creatures vanquished.

Notes
Turn   | Place    | Note
-------+----------+-------------------------------------------
     0 | D:1      | protoss039 the Demonspawn Earth Elementalist began the
                  | quest for the Orb.
     0 | D:1      | Reached XP level 1. HP: 13/13 MP: 3/3
    96 | D:1      | Slain by a jackal

Illustrated notes

Levels and vault maps discovered:
D:1:      dpeg_arrival_three_smaller_balls, layout_basic,
          hellmonk_ecumenical_altar_zigzags, minmay_pentomino_v4

Action                   || total
-------------------------++-------
 Cast: Sandblast         ||     4
Dodge: Dodged            ||     8
